 Dungeon Sprint DCSS version 0.29-a0-1027-gcd8c55af63 (webtiles) character file.

Game seed: 2695240417841007832

39 mhtbhm the Firebug (level 3, 0/19 HPs)
             Began as a Deep Elf Fire Elementalist on Aug 13, 2022.
             Slain by a black bear (7 damage)
             ... in the Dungeon (Sprint IX: "|||||||||||||||||||||||||||||").
             The game lasted 00:01:02 (225 turns).

mhtbhm the Firebug (Deep Elf Fire Elementalist)      Turns: 225, Time: 00:01:02

Health: 0/19       AC:  2    Str:  5    XL:     3   Next: 28%
Magic:  5/11       EV: 13    Int: 21    God:
Gold:   0          SH:  0    Dex: 15    Spells: 10/11 levels left

rFire   . . .      SeeInvis .   (no weapon)
rCold   . . .      Faith    .   (no shield)
rNeg    . . .      Spirit   .   a - +0 robe
rPois   .          Reflect  .   (no helmet)
rElec   .          Harm     .   (no cloak)
rCorr   .          Rampage  .   (no gloves)
Will    .....      NoTele   +   (no boots)
Stlth   ++........              (no amulet)
HPRegen 0.06/turn               (no ring)
MPRegen 0.12/turn               (no ring)

@: no status effects
A: no striking features
a: no special abilities


You were in the Dungeon.
You visited 1 branch

Inventory:

Armour
 a - a +0 robe (worn)
Potions
 b - 2 potions of magic
 c - a potion of curing
 d - a potion of heal wounds


   Skills:
 + Level 3.7 Dodging
 + Level 3.4 Stealth
 + Level 4.9 Spellcasting
 + Level 1.8 Conjurations
 + Level 6.1 Fire Magic


You had 10 spell levels left.
You knew the following spells:

 Your Spells              Type           Power      Damage    Failure   Level
a - Foxfire               Conj/Fire      84%        2x1d8     2%          1

Your spell library contained the following spells:

 Spells                   Type           Power      Damage    Failure   Level
 Scorch                   Fire           62%        2d8       1%          2
 Conjure Flame            Conj/Fire      21%        6-21      6%          3
 Inner Flame              Hex/Fire       18%        N/A       10%         3
 Flame Wave               Conj/Fire      21%        2d8       22%         4


Dungeon Overview and Level Annotations

Branches:
Dungeon (1/1)

Altars:


Message History

The black bear is moderately wounded.
Casting: Foxfire (safe; 2% risk of failure)
Confirm with . or Enter, or press ? or * to list all spells.
You conjure some foxfire!
The foxfire hits the black bear but does no damage.
The black bear is moderately wounded.
Casting: Foxfire (safe; 2% risk of failure)
Confirm with . or Enter, or press ? or * to list all spells.
You conjure some foxfire!
Your extra speed is starting to run out.
The foxfire hits the black bear.
The black bear is moderately wounded.
Unknown command.
Casting: Foxfire (safe; 2% risk of failure)
Confirm with . or Enter, or press ? or * to list all spells.
You conjure some foxfire!
The foxfire hits the black bear!
The black bear is severely wounded.
Your foxfire dissipates!
Casting: Foxfire (safe; 2% risk of failure)
Confirm with . or Enter, or press ? or * to list all spells.
You conjure some foxfire!
The foxfire hits the black bear.
The black bear is severely wounded.
Your foxfire dissipates!
You feel yourself slow down.
There is an open door here.
The black bear goes berserk!
Casting: Foxfire (safe; 2% risk of failure)
Confirm with . or Enter, or press ? or * to list all spells.
You conjure some foxfire!
The foxfire hits the black bear.
The black bear is almost dead.
Your foxfire dissipates!
Casting: Foxfire (safe; 2% risk of failure)
Confirm with . or Enter, or press ? or * to list all spells.
You conjure some foxfire!
The black bear closely misses you. x2
The black bear claws you.
Your foxfire dissipates!
The black bear attacks as you move away!
The black bear bites you. The black bear claws you. The black bear claws you!
You die... ▓▓▓▓▓▓▓▓▓▓▓▓▓▓▓▓▓▓ ▓<.†.†.....'..h@.+ ▓▓▓▓▓▓▓▓▓▓▓▓▓▓▓▓▓▓

You could see a black bear (berserk).

Vanquished Creatures
  2 adders (D)
  A white imp (D)
  An ufetubus (D)
  A dart slug (D)
  A ball python (D)
  A hobgoblin (D)
  A quokka (D)
  A rat (D)
9 creatures vanquished.

Vanquished Creatures (others)
  9 foxfires (D)
9 creatures vanquished.

Grand Total: 18 creatures vanquished

Notes
Turn   | Place    | Note
-------+----------+-------------------------------------------
     0 | D        | mhtbhm the Deep Elf Fire Elementalist began the quest for
                  | the Orb.
     0 | D        | Reached XP level 1. HP: 10/10 MP: 6/6
    15 | D        | Reached skill level 4 in Fire Magic
   174 | D        | Noticed a black bear
   176 | D        | Reached skill level 5 in Fire Magic
   176 | D        | Reached XP level 2. HP: 15/15 MP: 7/9
   193 | D        | Reached XP level 3. HP: 19/19 MP: 11/11
   204 | D        | Reached skill level 6 in Fire Magic
   225 | D        | Slain by a black bear

Illustrated notes

Levels and vault maps discovered:
D:        linesprint [early_d, line_temple, items_1, d_10, items_2, lair_1,
          lair_end, items_3, orc_1, orc_end, items_4, d_15, swamp_1, shoals_1,
          snake_1, spider_1, d_20, vaults_1, items_5, swamp_end, shoals_end,
          snake_end, spider_end, vaults_end, d_27, items_6, zot_1, zot_end,
          crypt_end, forest_end, elf_end, slime_end, tomb_end, abyss_end,
          pan_hell_end]

Skill      XL: |  1  2  3 |
---------------+----------+-----
Fire Magic     | 5 6 |  6.1
Dodging        | 3 |  3.7
Spellcasting   | 4 |  4.9
Stealth        | 3 |  3.4
Conjurations   | |  1.8

Action                   || total
-------------------------++-------
Melee: Unarmed           ||    18
 Cast: Foxfire           ||    20
  Use: Potion            ||     3
       Scroll            ||     1
Armor: Robe              ||     2
Dodge: Dodged            ||    18

Table legend: (Time is in decaauts)
 A = Elapsed time spent in this place.
 B = Non-inter-level travel time spent in this place.
 C = Inter-level travel time spent in this place.
 D = Time resting spent in this place.
 E = Time spent auto-exploring this place.
 F = Levels seen in this place.
 G = Mean time per level.
                   A        B        C        D        E       F      G
               +--------+--------+--------+--------+--------+-----+--------+
         Total |    218 |    218 |      0 |    159 |      3 |   1 |  218.0 |
       Dungeon |    218 |    218 |      0 |    159 |      3 |   1 |  218.0 |
               +--------+--------+--------+--------+--------+-----+--------+

Top non-repeatable levels by time:
       D: 218 daAuts
